 Dungeon Crawl Stone Soup version 0.19-a0-1490-g5dd3618 (webtiles) character file.

409 epen the Ducker (level 6, -2/32 HPs)
             Began as a Spriggan Monk on Sept 8, 2016.
             Was a Follower of Ru.
             Slain by an elf zombie (6 damage)
             ... in an ossuary.
             The game lasted 00:05:43 (4619 turns).

epen the Ducker (Spriggan Monk)                     Turns: 4619, Time: 00:05:44

Health: -2/32      AC:  3    Str:  7    XL:     6   Next: 58%
Magic:  7/7        EV: 22    Int: 12    God:    Ru [*.....]
Gold:   128        SH:  0    Dex: 20    Spells: 0 memorised, 5 levels left

rFire  + . .     SeeInvis +     a - +1 short sword
rCold  . . .     Gourm    .     b - +1 robe
rNeg   . . .     Faith    .     (shield restricted)
rPois  .         Spirit   .     (helmet restricted)
rElec  .         Dismiss  .     (no cloak)
rCorr  .         Reflect  .     (gloves unavailable)
MR     +....     Harm     .     (boots unavailable)
Stlth  ++++......               (no amulet)
                                (no ring)
                                k - ring of protection from fire

@: very quick
A: unfitting armour, see invisible, herbivore 3, speed 3, slow metabolism 2,
hated by all
a: Renounce Religion


You were in an ossuary.
You worshipped Ru.
Ru was aware of your devotion.
You were not hungry.

You visited 1 branch of the dungeon, and saw 4 of its levels.
You also visited: Ossuary.

You collected 128 gold pieces.

Inventory:

Hand Weapons
 a - a +1 short sword (weapon)
Armour
 b - a +1 robe (worn)
Jewellery
 k - a ring of protection from fire (left hand)
Wands
 v - a wand of lightning (5/15)
 A - a wand of random effects (20/48)
Scrolls
 d - 2 scrolls of recharging
 g - 2 scrolls of random uselessness
 i - 5 scrolls of blinking {unknown}
 j - 7 scrolls of identify
 n - a scroll of remove curse
Potions
 f - a potion of berserk rage {unknown}
 l - 2 potions of invisibility
 o - a potion of agility {unknown}
 p - 3 potions of curing
 q - a potion of mutation {unknown}
 s - 6 potions of lignification {unknown}
 w - 2 potions of heal wounds {unknown}
 x - a potion of beneficial mutation {unknown}
Books
 u - a book of Cantrips

   Spells                             Type                      Level
   a - Confusing Touch                Hexes                        1
   b - Animate Skeleton               Necromancy                   1
   c - Summon Small Mammal            Summoning                    1
   d - Apportation                    Translocation                1
Comestibles
 c - 3 bread rations


   Skills:
 + Level 3.2 Fighting
 * Level 5.3 Short Blades
 + Level 2.3 Throwing
 + Level 6.0 Dodging
 + Level 5.6 Stealth


You had 5 spell levels left.
You didn't know any spells.

Dungeon Overview and Level Annotations

Branches:
Dungeon (4/15)
 Temple: D:4-7

Altars:
Ashenzari
Hepliaklqana
Ru
Vehumet


Innate Abilities, Weirdness & Mutations

You are tiny and cannot use many weapons and most armour.
You have supernaturally acute eyesight. (SInv)
You are a herbivore.
You cover ground extremely quickly.
You need consume almost no food.
You are hated by all.


Message History

The centaur zombie closely misses you.
The elf zombie hits you but does no damage.
You barely miss the elf zombie.
The elf zombie is almost destroyed.
The centaur zombie completely misses you.
The elf zombie hits you.
You hit the elf zombie.
The elf zombie is almost destroyed.
The centaur zombie barely misses you.
The centaur zombie completely misses you.
You hit the elf zombie.
The elf zombie is almost destroyed.
The elf zombie hits you.
* * * LOW HITPOINT WARNING * * *
The centaur zombie hits you.
* * * LOW HITPOINT WARNING * * *
You closely miss the elf zombie.
The elf zombie is almost destroyed.
The centaur zombie barely misses you. The elf zombie hits you.
You die...

#...# .....+####...#
#...######.∩.....#...#
#...#....#.......#...#
#...#.#..#.......#...#
#...#.####.......#...#
#...#............#...#
#...#.####.^####.#...#
#...#.#..#^.#Z.#.#...#
#...#....#.^#Z@..#...#
#...######..######...#
#....................#
#........8..8........#
#....................#
#....................#
######################


You could see an elf zombie and a centaur zombie.

Vanquished Creatures
  An ogre (D:4)
  An elf zombie (Ossuary)
  A howler monkey (D:3)
  A worker ant (D:4)
  Robin (D:2)
  5 gnolls
  4 adders
  4 adder zombies (Ossuary)
  A worm (D:3)
  2 dart slugs
  4 giant geckos
  An orc (D:4)
  4 giant cockroaches
  13 goblins
  4 hobgoblins
  2 ball pythons
  5 bats
  3 giant newts
  6 hobgoblin zombies (Ossuary)
  A jackal zombie (Ossuary)
  9 kobolds
  8 kobold zombies (Ossuary)
  7 orc zombies (Ossuary)
  8 rats
  A rat zombie (Ossuary)
97 creatures vanquished.

Notes
Turn   | Place    | Note
-------+----------+-------------------------------------------
     0 | D:1      | epen the Spriggan Monk began the quest for the Orb.
     0 | D:1      | Reached XP level 1. HP: 11/11 MP: 2/2
    74 | D:1      | Reached XP level 2. HP: 16/16 MP: 3/3
  1256 | D:2      | Reached XP level 3. HP: 19/19 MP: 4/4
  1306 | D:2      | Reached skill level 1 in Throwing
  1459 | D:2      | Reached XP level 4. HP: 12/23 MP: 5/5
  1721 | D:2      | Found a hazy altar of Hepliaklqana.
  1721 | D:2      | Found a radiant altar of Vehumet.
  1725 | D:2      | Noticed Robin
  1735 | D:2      | Reached skill level 5 in Dodging
  1974 | D:2      | Killed Robin
  2203 | D:3      | Reached XP level 5. HP: 22/28 MP: 6/6
  2306 | D:3      | Found a shattered altar of Ashenzari.
  3441 | D:3      | Reached skill level 5 in Stealth
  3587 | D:4      | Noticed an ogre
  3595 | D:4      | Killed an ogre
  3595 | D:4      | Reached XP level 6. HP: 32/32 MP: 7/7
  3690 | D:4      | Reached skill level 5 in Short Blades
  3739 | D:4      | Found a sacrificial altar of Ru.
  3748 | D:4      | Became a worshipper of Ru the Awakened
  3756 | D:4      | Gained mutation: You are hated by all. [Ru sacrifice]
  3756 | D:4      | Reached * piety under Ru
  3874 | D:4      | Found a sand-covered staircase.
  3879 | Ossuary  | Entered an ossuary
  4371 | Ossuary  | Reached skill level 6 in Dodging
  4619 | Ossuary  | Slain by an elf zombie

Vault maps used:
D:1:      minmay_arrival_solitary_statue, minmay_misc_feat_nine_boxes
D:2:      grunt_temple_overflow_open, uniq_robin
D:3:      nicolae_ashenzari_panopticon
D:4:      corexii_shantytown, kennysheep_mini, enter_ossuary_5, first_bread
Ossuary:  ossuary_tomb_1

Skill      XL: |  1  2  3  4  5  6 |
---------------+-------------------+-----
Throwing       | 1 2 |  2.3
Stealth        | 4 5 |  5.6
Dodging        | 5 6 |  6.0
Short Blades   | 4 5 |  5.3
Fighting       | 3 |  3.2

Action                   |  1- 3 |  4- 6 || total
-------------------------+-------+-------++-------
Melee: Short sword       |   102 |   312 ||   414
Invok: Sacrifice Love    |       |     1 ||     1
Evoke: Wand              |       |     3 ||     3
  Use: Scroll            |       |    10 ||    10
       Potion            |       |     1 ||     1
 Stab: Sleeping          |     9 |    18 ||    27
       Distracted        |       |     1 ||     1
  Eat: Royal jelly       |       |     1 ||     1
Armor: Robe              |     5 |    20 ||    25
Dodge: Dodged            |    69 |   297 ||   366
